Unix NetHack Version 3.7.0-73 Work-in-progress - last build Feb 17 2023 02:16:44 (48fe2e8c4a70f1d2d5b622443eb9b5bc1b8d05f7,branch:master). Game began 2023-02-20 23:31:26, ended 2023-02-20 23:39:16. microlance, neutral female human Valkyrie ----------- #%.........| -------------- #|.........| ###|............| #|.........| #.e............# #|.........| --@--.--------# #|.........| : # # #|.........| ## # # #----|-.-.-- # ## # --------------- # # # ## # ## # |..*....).....-### # ###### ## % # |.............| ### # # ##### # # ## |..............###### # -----|-# # # # --------------- # ### # |.....|#### # # # #------.--# |.....| ##)####### ###### #......%..######....... # # # #--.- |.......|# ------- -.--.-.- #...| |........ +......| |.>| --------- |....<.| |..| -------- ---- Microlance the Skirmisher St:18/03 Dx:10 Co:18 In:9 Wi:9 Ch:8 Neutral S:739 Dlvl:3 $:101 HP:0(45) Pw:11(11) AC:-2 Xp:4/101 T:1803 Latest messages: The iguana bites! The iguana bites! The iguana bites! The iguana misses! The iguana bites! The iguana misses! The iguana bites! The iguana bites! The iguana bites! The iguana bites! The iguana bites! The iguana bites! The iguana just misses! The iguana bites! The iguana misses! The iguana bites! The iguana misses! The iguana bites! The iguana bites! The iguana bites! The iguana misses! The iguana bites! The iguana bites! The iguana bites! The iguana misses! The iguana misses! The iguana bites! The iguana bites! The iguana bites! The iguana bites! The iguana bites! The iguana bites! The iguana bites! The iguana bites! The iguana bites! The iguana misses! The iguana bites! The iguana misses! The iguana misses! The iguana bites! The iguana bites! The iguana bites! The iguana misses! The iguana bites! The iguana bites! The iguana bites! The iguana misses! The iguana misses! The iguana bites! You die... Inventory: Coins ('$') $ - 101 gold pieces Weapons (')') b - a +0 dagger (alternate weapon; not wielded) a - a +1 spear (weapon in hand) Armor ('[') c - an uncursed +3 small shield (being worn) r - a blessed rustproof +3 chain mail (being worn) Comestibles ('%') i - 2 uncursed food rations u - 2 uncursed tripe rations Potions ('!') t - an uncursed potion of see invisible Rings ('=') q - a cursed ring of aggravate monster (on left hand) Tools ('(') n - an uncursed oil lamp Microlance the Valkyrie's attributes: Background: You were a Skirmisher, a level 4 human Valkyrie. You were neutral, on a mission for Odin who was opposed by Tyr (lawful) and Loki (chaotic). You were in the Dungeons of Doom, on level 3. You entered the dungeon 1803 turns ago. It was nighttime. There was a new moon in effect when your adventure ended. You had 101 experience points, 59 more were needed to attain level 5. Your score was 739 before end-of-game adjustments. Basics: You had 0 out of 45 hit points. You had all 11 energy points (spell power). Your armor class was -2. Your wallet contained 101 zorkmids. Autopickup was on for '$?!"=/' plus thrown, with exceptions. Final Characteristics: Your strength was 18/03 (limit:18/100). Your dexterity was 10 (limit:18). Your constitution was 18 (limit:18). Your intelligence was 9 (limit:18). Your wisdom was 9 (limit:18). Your charisma was 8 (limit:18). Final Status: You were not hungry. You were unencumbered. You were wielding a spear. You had basic skill with spear. Final Attributes: You were devoutly aligned. You were cold resistant. You saw invisible. You were telepathic. You were stealthy. You aggravated monsters. You were warded. You are dead. Miscellaneous: You disabled loading of bones levels. Total elapsed playing time was 7 minutes and 49 seconds. Major events: Turn 1: microlance the neutral human Valkyrie entered the dungeon 592: attained the rank of Skirmisher (level 3) 1803: killed by an iguana, while frozen by a floating eye's gaze Vanquished creatures: a small mimic 2 floating eyes a giant bat an iguana a hobbit a hobgoblin a gecko 3 jackals a kobold 2 sewer rats 4 grid bugs 4 lichens 4 newts 26 creatures vanquished. No species were genocided or became extinct. Voluntary challenges: You read items or engraved 3 times. You never engraved Elbereth. You never genocided any monsters. You never polymorphed an object. You never changed form. You used no wishes. Achievements: You entered a shop. You attained the rank of Skirmisher. The Dungeons of Doom: levels 1 to 4 Level 1: Level 2: A general store, a fountain. Level 3: <- You were here. Final resting place for you, killed by an iguana, while frozen by a floating eye's gaze. Level 4: Game over: ---------- / \ / REST \ / IN \ / PEACE \ / \ | microlance | | 101 Au | | killed by an | | iguana | | | | | | 2023 | *| * * * | * _________)/\\_//(\/(/\)/\//\/|_)_______ Farvel microlance the Valkyrie... You died in The Dungeons of Doom on dungeon level 3 with 729 points, and 101 pieces of gold, after 1803 moves. You were level 4 with a maximum of 45 hit points when you died.